 Dungeon Crawl Stone Soup version 0.30-a0-310-g7d6cbdfea6 (webtiles) character file.

Game seed: 8817249987213033363

1961 hikkokomori the Caller (level 8, 0/66 HPs)
             Began as a Demigod Summoner on Oct 25, 2022.
             Slain by a black bear (3 damage)
             ... on level 8 of the Dungeon.
             The game lasted 00:39:22 (7516 turns).

hikkokomori the Caller (Demigod Summoner)           Turns: 7516, Time: 00:39:24

Health: 0/66       AC:  9    Str:  9    XL:     8   Next: 67%
Magic:  18/18      EV: 14    Int: 17    God:
Gold:   369        SH:  0    Dex: 22    Spells: 7/16 levels left

rFire   . . .      SeeInvis .    t - +2 flail (drain)
rCold   . . .      Faith    .    (no shield)
rNeg    . . .      Spirit   .    r - +3 leather armour of a wizard's laboratory {Rampage}
rPois   .          Reflect  .    (helmet currently unavailable)
rElec   .          Harm     .    (no cloak)
rCorr   .          Rampage  +    o - +2 pair of gloves
Will    .....                    (boots currently unavailable)
Stlth   ++........               w - amulet of magic regeneration
HPRegen 0.31/turn                (no ring)
MPRegen 0.56/turn                (no ring)

@: appendages (expiring), wereblooded (expiring)
A: horns 2, talons 2, high MP 1, forlorn, divine attributes
a: End Transformation


You were on level 8 of the Dungeon.
You had temporarily grown beastly horns and talons.
You visited 2 branches of the dungeon, and saw 9 of its levels.

You collected 369 gold pieces.

Inventory:

Hand Weapons
 c - a +0 dagger
 j - a +0 hand axe
 t - a +2 flail of draining (weapon)
 u - a +1 morningstar of holy wrath
 v - a +0 sling
Missiles
 f - 3 atropa-tipped darts
Armour
 a - a +1 robe
 o - a +2 pair of gloves (worn)
 r - the +3 leather armour of a wizard's laboratory (worn) {Rampage}
   (You found it on level 4 of the Dungeon)

   Rampage:   It bestows one free step when moving towards enemies.
 D - a +2 pair of boots of rampaging (melded)
 F - a +0 kite shield
Jewellery
 w - an amulet of magic regeneration (around neck)
 E - an amulet of reflection
Wands
 x - a wand of roots (7)
 A - a wand of polymorph (10)
Scrolls
 e - 2 scrolls of enchant armour
 g - 2 scrolls of amnesia {unknown}
 h - 2 scrolls of vulnerability {unknown}
 i - 4 scrolls of teleportation
 k - 2 scrolls of magic mapping
 m - 3 scrolls of fog {unknown}
 q - 3 scrolls of brand weapon {unknown}
 s - a scroll of acquirement {unknown}
 y - a scroll of enchant weapon {unknown}
 z - a scroll of fear {unknown}
Potions
 b - 4 potions of magic
 d - 2 potions of heal wounds
 l - a potion of resistance
 n - 3 potions of haste
 p - 2 potions of might
 B - 2 potions of berserk rage
 C - a potion of mutation {unknown}


   Skills:
 + Level 3.8 Fighting
 - Level 1.7 Axes
 + Level 3.1 Ranged Weapons
 + Level 4.2 Dodging
 - Level 1.7 Stealth
 - Level 4.6 Spellcasting
 + Level 6.9 Summonings
 + Level 2.6 Transmutations


You had 7 spell levels left.
You knew the following spells:

 Your Spells              Type           Power      Damage    Failure   Level
a - Summon Small Mammal   Summ           100%       N/A       1%          1
b - Call Imp              Summ           27%        N/A       1%          2
c - Call Canine Familiar  Summ           27%        N/A       3%          3
d - Beastly Appendage     Tmut           24%        N/A       7%          1
e - Wereblood             Tmut           12%        N/A       11%         2

Your spell library contained the following spells:

 Spells                   Type           Power      Damage    Failure   Level
 Summon Guardian Golem    Hex/Summ       15%        N/A       16%         3
 Passwall                 Tmut/Erth      6%         N/A       19%         2
 Ensorcelled Hibernation  Hex/Ice        6%         N/A       32%         2
 Spider Form              Tmut/Pois      8%         N/A       36%         3
 Summon Lightning Spire   Summ/Air       15%        N/A       45%         4
 Swiftness                Air            3%         N/A       54%         3


Dungeon Overview and Level Annotations

Branches:
Dungeon (8/15)             Temple (1/1) D:6
   Lair: D:8-11

Shops:
D:1 (


Innate Abilities, Weirdness & Mutations

You have temporarily grown beastly horns and talons.
You have an increased reservoir of magic. (+10% MP)
You shall have no god before yourself.
Your divine heritage dramatically boosts your attributes as you level up.


Message History

The orc warrior barely misses you.
Your hound bites the black bear but does no damage.
The black bear closely misses your hound.
The black bear claws your hound but does no damage.
The black bear closely misses your hound.
You hit the orc. You drain the orc.
You feel a bit better.
You kill the orc!
Your hound barely misses the black bear.
The black bear bites your hound!
Your hound dies!
Your hound's corpse disappears in a puff of smoke!
The orc warrior hits you with a +0 trident!
You barely miss the orc warrior. Your kick misses the orc warrior.
You headbutt the orc warrior.
The orc warrior is heavily wounded.
You howl as the wereblood boils in your veins!
The orc priest begins to cast a cantrip, but forgets the words!
The orc warrior misses you.
The black bear bites you but does no damage.
The black bear barely misses you. The black bear misses you.
The orc warrior barely misses you.
You closely miss the orc warrior.
You claw the orc warrior, but do no damage.
The orc warrior is heavily wounded.
You howl as the wereblood boils in your veins!
The orc priest barely misses you. The black bear closely misses you.
The black bear barely misses you. The black bear claws you.
The orc warrior barely misses you.
Your transformation is almost over.
The orc warrior hits you with a +0 trident.
* * * LOW HITPOINT WARNING * * *
There is a stone staircase leading up here.
Unknown command.
Your primal bloodlust is almost over.
The orc priest mumbles some strange prayers to Beogh against you.
Beogh smites you!
* * * LOW HITPOINT WARNING * * *
The black bear barely misses you. The black bear closely misses you.
The black bear claws you.
You die...

# . .# .. ###
.#### #.<
#@#+#..... #.o.
#ho...# .....
#o....#####
......##.........
o......).........
.......[.........
.................
.........?.......
..........##.....


You could see an orc warrior (drained), a black bear and an orc priest.

Vanquished Creatures
  A sky beast (D:7)
  An ice beast (D:7)
  2 black bears
  An orc warrior (D:7)
  A necrophage (D:6)
  2 scorpions
  Dowan (D:6)
  A howler monkey (D:7)
  3 hounds
  2 jellies
  3 orc priests
  3 iguanas
  6 orc wizards
  An adder (D:5)
  2 white imps (D:6)
  An ufetubus (D:6)
  14 orcs
  8 bats
  An endoplasm (D:2)
  2 giant cockroaches
  6 goblins
  2 hobgoblins
  5 quokkas
  9 ball pythons
  A frilled lizard (D:2)
  3 kobolds
  2 rats
84 creatures vanquished.

Vanquished Creatures (collateral kills)
  Duvessa (D:6)
  A black bear (D:4)
  An ogre (D:5)
  A phantom (D:5)
  A scorpion (D:3)
  An orc priest (D:4)
  A jelly (D:4)
  2 iguanas
  4 orc wizards (D:5)
  2 adders
  An ufetubus (D:4)
  13 orcs
  4 ball pythons
  2 bats (D:1)
  2 endoplasms
  3 goblins
  3 quokkas (D:1)
  3 frilled lizards
  2 kobolds (D:2)
  A rat (D:1)
49 creatures vanquished.

Grand Total: 133 creatures vanquished

Notes
Turn   | Place    | Note
-------+----------+-------------------------------------------
     0 | D:1      | hikkokomori the Demigod Summoner began the quest for the
                  | Orb.
     0 | D:1      | Reached XP level 1. HP: 14/14 MP: 5/5
   204 | D:1      | Noticed a crimson imp
   227 | D:1      | Reached XP level 2. HP: 19/20 MP: 5/7
   279 | D:1      | Learned a level 2 spell: Call Imp
   292 | D:1      | Found Lecibb's Weapon Shoppe.
   508 | D:1      | Reached skill level 4 in Summonings
  1180 | D:2      | Reached XP level 3. HP: 11/26 MP: 6/9
  1802 | D:3      | Reached skill level 1 in Axes
  2178 | D:3      | Reached XP level 4. HP: 19/33 MP: 9/11
  2424 | D:3      | HP: 1/33 [poisoned by a scorpion]
  2502 | D:3      | Learned a level 3 spell: Call Canine Familiar
  2971 | D:4      | Reached XP level 5. HP: 31/38 MP: 1/13
  3093 | D:4      | Reached skill level 5 in Summonings
  3410 | D:4      | Noticed a black bear
  3417 | D:4      | Killed a black bear
  3418 | D:4      | Reached XP level 6. HP: 44/45 MP: 7/15
  3504 | D:4      | Identified the +3 leather armour of a wizard's laboratory
                  | {Rampage}
  3536 | D:4      | Learned a level 1 spell: Beastly Appendage
  4144 | D:5      | Entered Level 5 of the Dungeon
  4164 | D:5      | Reached skill level 1 in Fighting
  4285 | D:5      | Reached XP level 7. HP: 52/52 MP: 15/17
  4635 | D:5      | Reached skill level 6 in Summonings
  4701 | D:5      | Reached skill level 1 in Ranged Weapons
  5509 | D:6      | Reached XP level 8. HP: 26/62 MP: 18/18
  5691 | D:6      | Reached skill level 1 in Transmutations
  5738 | D:6      | Found a staircase to the Ecumenical Temple.
  5972 | D:6      | Noticed Duvessa
  5972 | D:6      | Noticed Dowan
  5990 | D:6      | Killed Duvessa
  5991 | D:6      | Killed Dowan
  6213 | D:6      | Identified the +1 robe of Mental Paralysis {Dex+4}
  6544 | Temple   | Entered the Ecumenical Temple
  6566 | D:6      | Learned a level 2 spell: Wereblood
  7516 | D:8      | HP: 3/66 [orc priest/divine providence (12)]
  7516 | D:8      | Slain by a black bear

Illustrated notes

Levels and vault maps discovered:
D:1:      dpeg_arrival_tiny_i, layout_loops_ring,
          dreamdust_ecumenical_altar_sealed_demon, serial_shops,
          nicolae_shop_bloodbath_and_beyond, minmay_octomino_c4
D:2:      layout_loops_ring, minivault_24, minmay_3d_cube
D:3:      layout_basic
D:4:      layout_gridville, overflow_temple_1_default, old_standard_altar,
          hangedman_abyss_or_decor_stagger
D:5:      layout_loops_corners, mainiacjoe_overflow_concentric_impassable,
          eat_drink_and_be_merry_uskayaw, kennysheep_generic_room_15
D:6:      layout_basic, okawaru_metal_pillars_3, old_standard_altar,
          gammafunk_temple_overflow_wave, minmay_temple_entry_crystal_x,
          uniq_duvessa
D:7:      layout_loops_corners, nicolae_elyvilon_peaceful_grove
D:8:      kennysheep_seaside_town, layout_basic,
          worldfamousw_hep_ancestral_shrine, overflow_temple_1_default,
          serial_shops, nicolae_shop_hallway_stairs, uniq_maggie
Temple:   hellmonk_temple_two_chambers

Skill      XL: |  1  2  3  4  5  6  7  8 |
---------------+-------------------------+-----
Spellcasting   | 2 3 4 |  4.6
Summonings     | 4 5 6 |  6.9
Axes           | 1 |  1.7
Fighting       | 1 2 3 |  3.8
Dodging        | 2 3 4 |  4.2
Ranged Weapons | 1 3 |  3.1
Transmutations | 2 |  2.6
Stealth        | |  1.7

Action                   |  1- 3 |  4- 6 |  7- 9 || total
-------------------------+-------+-------+-------++-------
Melee: Unarmed           |     6 |       |       ||     6
       Dagger            |    17 |       |       ||    17
       Hand axe          |   126 |    72 |       ||   198
       Flail             |       |     9 |   202 ||   211
       Kick              |       |     3 |    14 ||    17
       Headbutt          |       |     1 |     6 ||     7
       Punch             |       |       |     3 ||     3
Throw: Dart              |       |     1 |     1 ||     2
 Cast: Summon Small Mamm |    16 |    24 |    12 ||    52
       Call Imp          |     7 |    12 |    10 ||    29
       Call Canine Famil |       |    11 |     8 ||    19
       Beastly Appendage |       |     1 |     5 ||     6
       Wereblood         |       |       |     2 ||     2
  Use: Potion            |     4 |     3 |     1 ||     8
       Scroll            |     3 |     1 |     3 ||     7
 Stab: Sleeping          |     4 |     3 |     3 ||    10
       Distracted        |       |       |     3 ||     3
Armor: Robe              |    55 |    29 |       ||    84
       Leather armour    |       |     9 |   117 ||   126
Dodge: Dodged            |   125 |    78 |   167 ||   370

Table legend: (Time is in decaauts)
 A = Elapsed time spent in this place.
 B = Non-inter-level travel time spent in this place.
 C = Inter-level travel time spent in this place.
 D = Time resting spent in this place.
 E = Time spent auto-exploring this place.
 F = Levels seen in this place.
 G = Mean time per level.
                   A        B        C        D        E       F      G
               +--------+--------+--------+--------+--------+-----+--------+
         Total |   7636 |   7160 |    476 |    869 |   4561 |   9 |  848.4 |
       Dungeon |   7618 |   7147 |    471 |    869 |   4550 |   8 |  952.2 |
        Temple |     17 |     13 |      4 |      0 |     11 |   1 |   17.0 |
               +--------+--------+--------+--------+--------+-----+--------+

Top non-repeatable levels by time:
     D:5: 1252 daAuts
     D:4: 1217 daAuts
     D:3: 1215 daAuts
     D:6: 1214 daAuts
     D:7: 932 daAuts
     D:1: 905 daAuts
     D:2: 852 daAuts
     D:8: 29 daAuts
  Temple: 17 daAuts
